Map: Thunderbird LE

Players

Dennery

  • Race: Terran Terran
  • League: Master
  • Spawn Location: 5:00

Mez - Winner!

  • Race: Terran Terran
  • League: Master
  • Spawn Location: 11:00

VOD

Have the link to the VOD?

Description

Time

  • Played on: Aug. 19, 2019, 10:57 a.m.
  • Length: 10:15
Show
View Real Time Build Order
Export as new Build Order

Dennery Terran 

Build Orders: Cyclone Opening 

Get SALT Encoding   

  12  0:01  SCV  
  13  0:13  SCV  
  14  0:17  Supply Depot  
  14  0:25  SCV  
  15  0:38  SCV  
  15  0:40  Barracks  
  16  0:44  Refinery  
  16  0:50  Refinery  
  16  0:53  SCV  
  17  1:05  SCV  
  18  1:18  SCV  
  19  1:30  Orbital Command  
  20  1:33  Marine  
  20  1:35  Factory  
  20  1:44  Supply Depot  
  20  1:51  Marine  
  21  1:55  SCV  
  22  2:08  SCV  
  23  2:09  Marine  
  24  2:21  Factory Tech Lab  
  24  2:30  Barracks Reactor, Command Center  
  24  2:42  Bunker  
  27  2:58  Cyclone  
  27  3:06  Marine x2  
  27  3:10  SCV, Starport  
  30  3:14  Supply Depot  
  30  3:22  SCV  
  30  3:24  Marine x2  
  33  3:30  Siege Tank  
  37  3:34  SCV  
  37  3:44  Orbital Command  
  37  3:46  Marine  
  37  3:47  Marine  
  39  3:51  Starport Tech Lab  
  40  3:55  SCV  
  40  4:07  SCV, Marine x2  
  43  4:11  Raven  
  43  4:14  SCV  
  46  4:20  SCV  
  47  4:25  Siege Tank  
  47  4:28  SCV  
  47  4:31  Marine x2  
  51  4:32  SCV  
  51  4:37  Refinery  
  54  4:47  SCV x2  
  54  4:49  Marine x2  
  54  4:52  Supply Depot  
  58  4:57  Raven  
  62  5:04  SCV x2  
  62  5:14  Widow Mine  
  64  5:19  SCV  
  64  5:20  SCV  
  66  5:24  Marine x2  
  66  5:28  Barracks  
  68  5:30  Barracks  
  68  5:31  SCV  
  68  5:32  SCV  
  68  5:33  Supply Depot  
  70  5:36  Supply Depot  
  70  5:54  Raven, Siege Tank, Marine x2  
  77  5:59  SCV x2  
  79  6:09  Command Center  
  79  6:15  SCV x2  
  79  6:16  Barracks Tech Lab  
  81  6:19  Barracks Tech Lab  
  81  6:22  Barracks  
  81  6:23  Marine x2  
  83  6:27  SCV x2  
  83  6:28  Engineering Bay  
  83  6:29  Siege Tank  
  88  6:36  Engineering Bay  
  88  6:42  Marine  
  88  6:43  Marine x3  
  88  6:45  Viking  
  94  7:01  Siege Tank  
  77  7:25  Marine  
  77  7:26  Barracks Reactor, Marine x3  
  77  7:27  Combat Shield  
  77  7:28  Stimpack  
  81  7:34  Terran Infantry Weapons Level 1  
  81  7:35  Terran Infantry Armor Level 1  
  81  7:39  Supply Depot  
  81  7:41  Supply Depot  
  81  7:42  Marine, Barracks  
  81  7:43  Marine  
  81  7:44  SCV x2, Marine  
  86  7:47  Refinery  
  86  7:48  Orbital Command  
  86  7:52  Marine  
  86  7:58  Siege Tank  
  90  8:01  SCV x2  
  90  8:02  Starport Reactor  
  92  8:09  Marine x5  
  97  8:13  Marine  
  97  8:17  SCV x2  
  100  8:26  Marine  
  85  8:48  Marine  
  85  8:49  Marine x6  
  85  8:55  SCV x2  
  94  8:59  SCV  
  95  9:04  Viking x2  
  95  9:05  Siege Tank  
  95  9:06  Marine  
  95  9:07  SCV x2, Marine x3  
  95  9:09  Factory  
  108  9:12  SCV  
  107  9:17  Concussive Shells, Marine  
  107  9:18  Marine x2  
  107  9:24  Marine x3  
  100  9:31  Marine  
  100  9:35  Marine  
  100  9:36  Marine x2  
  104  9:42  Marine x3  
  104  9:44  SCV x3  
  109  9:49  Marine  
  114  9:53  Marine  
  114  9:54  Marine x2  
  114  9:56  SCV x2  
Show
View Real Time Build Order
Export as new Build Order

Mez Terran - Winner!

Build Orders: Gas First Reaper Expand 

Get SALT Encoding   

  12  0:01  SCV  
  13  0:13  SCV  
  14  0:17  Supply Depot  
  14  0:25  SCV  
  15  0:34  Refinery  
  15  0:39  SCV  
  16  0:45  Barracks  
  16  0:51  SCV  
  17  1:03  SCV  
  18  1:15  SCV  
  19  1:32  Orbital Command  
  19  1:33  Reaper  
  20  1:45  Command Center  
  20  1:55  Factory  
  20  1:59  SCV  
  21  2:07  Supply Depot  
  21  2:12  Barracks Reactor  
  21  2:15  SCV  
  22  2:16  Refinery  
  22  2:27  SCV  
  23  2:48  Hellion  
  23  2:50  Marine x2  
  27  2:53  Starport  
  27  2:54  SCV  
  27  2:58  Orbital Command  
  28  2:59  Refinery  
  28  3:09  Marine  
  28  3:10  Marine, Factory Tech Lab  
  28  3:11  SCV  
  31  3:23  SCV  
  31  3:24  SCV  
  33  3:27  Marine x2  
  35  3:35  SCV  
  35  3:36  SCV  
  35  3:37  Raven  
  35  3:38  Factory Tech Lab  
  39  3:45  Marine  
  39  3:47  SCV, Marine  
  42  3:48  SCV  
  43  3:56  Supply Depot  
  43  3:59  Siege Tank  
  46  4:03  Supply Depot  
  46  4:17  SCV x2, Marine x2  
  46  4:24  Command Center  
  50  4:25  Raven  
  52  4:35  Marine  
  52  4:36  Marine  
  52  4:37  Siege Tank  
  57  4:40  SCV x2  
  57  4:44  Supply Depot  
  59  4:46  Supply Depot  
  59  4:53  Marine x2  
  59  4:55  SCV  
  62  5:06  SCV  
  63  5:17  Siege Tank  
  66  5:23  SCV x2  
  66  5:27  Barracks x2  
  68  5:31  Stimpack  
  68  5:33  Medivac  
  68  5:34  Medivac  
  72  5:35  SCV  
  72  5:40  SCV x2  
  75  5:44  Marine  
  76  5:52  Siege Tank  
  76  5:54  SCV x2  
  76  5:55  Orbital Command  
  81  6:02  Marine  
  82  6:05  Supply Depot  
  82  6:06  Supply Depot  
  82  6:09  Engineering Bay  
  82  6:15  Barracks Reactor  
  82  6:16  Barracks Reactor, Engineering Bay, SCV  
  82  6:17  SCV  
  84  6:19  Medivac  
  84  6:21  Medivac  
  88  6:38  Marine  
  88  6:39  Siege Tank  
  92  6:40  SCV x3  
  92  6:46  Refinery, Barracks  
  92  6:47  Barracks  
  95  6:49  Refinery  
  95  6:52  SCV x3  
  98  7:01  Marine x4, Medivac x2  
  102  7:02  Marine  
  93  7:19  Marine x5  
  93  7:20  Siege Tank  
  93  7:22  Terran Infantry Weapons Level 1  
  90  7:23  SCV x3  
  91  7:30  Supply Depot  
  91  7:31  Supply Depot  
  91  7:35  SCV  
  91  7:36  Barracks Reactor  
  92  7:37  Marine x5  
  92  7:38  Barracks Reactor  
  92  7:42  Factory  
  97  7:52  Combat Shield  
  97  7:55  Marine  
  98  7:58  SCV x2  
  98  7:59  SCV  
  98  8:02  Refinery  
  101  8:06  Supply Depot  
  101  8:07  Supply Depot  
  101  8:10  SCV, Marine x4  
  101  8:11  SCV x2  
  101  8:12  Marine  
  108  8:16  Marine x4  
  113  8:28  Marine x3  
  116  8:39  Marine  
  116  8:40  Marine x5  
  116  8:41  Siege Tank  
  113  8:46  Viking x2, Marine x3, Factory Tech Lab  
  113  8:47  SCV x3  
  112  8:53  Command Center  
  112  8:55  Supply Depot  
  112  8:57  Marine, Supply Depot  
  112  8:58  Marine x2  
  112  8:59  SCV  
  116  9:03  Marine x4  
  116  9:04  Marine x2  
  116  9:07  Siege Tank  
  123  9:11  Armory  
  123  9:13  Siege Tank  
  119  9:29  Marine x2  
  119  9:30  Marine x7  
  127  9:34  Viking x2  
  131  9:39  Siege Tank  
  137  9:47  Marine x4  
  137  9:49  Supply Depot  
  137  9:51  Missile Turret x2  
  137  9:52  Supply Depot  
  141  9:53  Missile Turret  
  141  9:55  Missile Turret x2  
Tags
 
Add a new tag
Caveats
  • Supply blocks, unpowered buildings, or Contaminate may cause inaccurate times.
  • Supply counts are checked every 10 seconds.